 Dungeon Crawl Stone Soup version 0.30-a0-223-gcb0039aa0c (webtiles) character file.

Game seed: 2388104107366734913

267 qw the Chopper (level 6, 0/38 HPs)
             Began as a Gargoyle Fighter on Oct 9, 2022.
             Slain by a gnoll
             ... wielding a +0 spear
             ... led by a gnoll bouda
              (3 damage)
             ... on level 3 of the Dungeon.
             The game lasted 00:00:54 (2218 turns).

qw the Chopper (Gargoyle Fighter)                   Turns: 2218, Time: 00:00:55

Health: 0/38       AC: 23    Str: 21    XL:     6   Next: 21%
Magic:  6/6        EV:  2    Int:  9    God:
Gold:   154        SH:  4    Dex:  9    Spells: 5/5 levels left

rFire   . . .      SeeInvis .    Y - +0 war axe (elec)
rCold   . . .      Faith    .    c - +0 buckler
rNeg    + + .      Spirit   .    j - +0 crystal plate armour
rPois   inf        Reflect  .    f - +1 helmet
rElec   +          Harm     .    (no cloak)
rCorr   .          Rampage  .    (no gloves)
Will    .....                    (no boots)
Stlth   ..........               (no amulet)
HPRegen 0.26/turn                m - ring of positive energy
MPRegen 0.10/turn                (no ring)

@: no status effects
A: sickness immunity, AC +4, negative energy resistance 1, electricity
resistance, torment resistance 1, petrification resistance
a: no special abilities


You were on level 3 of the Dungeon.
You visited 1 branch of the dungeon, and saw 3 of its levels.

You collected 154 gold pieces.


Innate Abilities, Weirdness & Mutations

You are immune to sickness and miasma.
Your stone body is resilient. (AC +4)
You are immune to poison.
You resist negative energy. (rN+)
You are resistant to electric shocks. (rElec)
You are resistant to unholy torment.
You are immune to petrification.


   Skills:
 - Level 4.0 Fighting
 + Level 5.0 Axes
 - Level 4.1 Armour
 - Level 3.2 Shields


You had 5 spell levels left.
You didn't know any spells.
Your spell library was empty.

Inventory:

Hand Weapons
 e - a +0 mace
 r - a +0 flail
 Y - a +0 war axe of electrocution (weapon)
Armour
 c - a +0 buckler (worn)
 f - a +1 helmet (worn)
 j - a +0 crystal plate armour (worn)
Jewellery
 h - an amulet of reflection
 m - a ring of positive energy (left hand)
Scrolls
 a - 3 scrolls of identify
 b - a scroll of torment {unknown}
 k - 3 scrolls of silence {unknown}
 p - a scroll of fog {unknown}
Potions
 d - 2 potions of might
 g - a potion of curing {unknown}
 i - a potion of lignification
 l - a potion of mutation
 n - a potion of heal wounds {unknown}
 o - a potion of degeneration {unknown}
 q - a potion of resistance {unknown}

Dungeon Overview and Level Annotations

Branches:
Dungeon (3/15)

Altars:
Ru


Message History

The gnoll hits you from afar with a +0 spear.
You slash the goblin!
You kill the goblin!
The gnoll hits you from afar with a +0 spear.
You block the gnoll's attack. The gnoll barely misses you.
You barely miss the gnoll bouda.
The gnoll is no longer moving quickly.
The gnoll hits you but does no damage. x3
You hit the gnoll bouda.
The gnoll bouda is lightly wounded.
You hit the gnoll.
Your attacks no longer feel as feeble.
The gnoll is no longer moving quickly.
The gnoll hits you but does no damage. x3
The gnoll bouda barks out a call to the hunt!
The gnolls pick up the pace!
You slash the gnoll!
You kill the gnoll!
You hit the gnoll bouda.
Lightning courses through the gnoll bouda!
You block the gnoll's attack. The gnoll hits you but does no damage.
The gnoll bouda hits you with a +4 whip.
The gnoll hits you from afar with a +0 spear.
You closely miss the gnoll bouda.
The gnoll bouda is severely wounded.
The gnoll hits you but does no damage.
The gnoll bouda hits you but does no damage.
The gnoll hits you but does no damage. x2
You slash the gnoll bouda!
You kill the gnoll bouda!
The gnoll barely misses you. The gnoll hits you but does no damage.
Your Fighting skill increases to level 4!
The gnoll hits you but does no damage. x2
You see here a +0 whip.
You closely miss the gnoll. You hit the gnoll.
The gnoll hits you but does no damage. The gnoll barely misses you.
You block the gnoll's attack.
You barely miss the gnoll.
The gnoll is lightly wounded.
You hit the gnoll. The gnoll hits you with a +0 spear.
You die...

#..####.#.#.........#
#.##..### ##...
#.#.......##### #.##.##
#####.##.###.....#######.##.#
.......... ..........##.:...#
#### .... ##...........#### #
... #.....#...##.# #
#....%..##.## ###
#..).##.....# ..#
#g@..###....## #.# #.g)#.#
##....#### #.# .......#..#
###.....## #.# ....##..##.#
#.#....# #.###### .#. #..# .#
#.###..## .......# .. #..# .#
#.# #...# #.####.# # #..# .#
#.# ##... .....# #.## .# #.#
##.. #.##.# .. #.# ##.


You could see 2 gnolls.

Vanquished Creatures
  A gnoll bouda (D:3)
  An iguana (D:3)
  Natasha (thrice) (D:2)
  Robin (D:2)
  3 gnolls (D:3)
  3 adders
  2 dart slugs
  3 orcs (D:3)
  6 bats
  6 endoplasms
  3 giant cockroaches
  12 goblins
  7 hobgoblins
  2 kobolds
  A quokka (D:1)
  5 ball pythons
  3 frilled lizards
  5 rats
67 creatures vanquished.

Notes
Turn   | Place    | Note
-------+----------+-------------------------------------------
     0 | D:1      | qw the Gargoyle Fighter began the quest for the Orb.
     0 | D:1      | Reached XP level 1. HP: 14/14 MP: 1/1
     0 | D:1      | 0 ||| qw: Version: 0.2-a-17-g06abaee
     0 | D:1      | 0 ||| qw: Game counter: 2246
     0 | D:1      | 0 ||| qw: Always use a shield: true
     0 | D:1      | 0 ||| qw: God list: Okawaru
     0 | D:1      | 0 ||| qw: Allow faded altars: false
     0 | D:1      | 0 ||| qw: Do Orc after D:15 true
     0 | D:1      | 0 ||| qw: Do second Lair branch before Depths: true
     0 | D:1      | 0 ||| qw: Lair rune preference: random
     0 | D:1      | 0 ||| qw: Plans: Normal, Zot:1-4, God:TSO, Crypt, Tomb,
                  | Pan, Slime:5, Hells, Abyss, Orb
     0 | D:1      | 0 ||| PLANNING D:1-11
    62 | D:1      | Reached skill level 2 in Axes
   125 | D:1      | 125 ||| Stepping ~*~*~tactically~*~*~ (stealth).
   168 | D:1      | Reached XP level 2. HP: 19/19 MP: 2/2
   801 | D:1      | 801 ||| READING 5 scrolls labelled WARRIG ZAJEU.
   802 | D:1      | 802 ||| READING scroll labelled BIS HAESHRONEHY.
   803 | D:1      | 803 ||| READING scroll labelled LUHICHEADI.
   804 | D:1      | 804 ||| DRINKING 3 murky clear potions.
   805 | D:1      | 805 ||| READING 4 scrolls of identify.
   805 | D:1      | 805 ||| IDENTIFYING cyan potion
   806 | D:1      | 806 ||| DROPPING 2 potions of flight.
   867 | D:2      | 867 ||| Stepping ~*~*~tactically~*~*~ (stealth).
   868 | D:2      | Noticed Robin
   869 | D:2      | 869 ||| Stepping ~*~*~tactically~*~*~ (hiding).
   875 | D:2      | Reached skill level 3 in Axes
   882 | D:2      | Killed Robin
   883 | D:2      | Reached XP level 3. HP: 15/23 MP: 3/3
   885 | D:2      | 885 ||| Stepping ~*~*~tactically~*~*~ (stealth).
   935 | D:2      | 935 ||| DROPPING +0 club.
  1036 | D:2      | Reached XP level 4. HP: 28/28 MP: 4/4
  1061 | D:2      | Noticed Natasha
  1066 | D:2      | Killed Natasha
  1067 | D:2      | Reached skill level 4 in Axes
  1427 | D:2      | Noticed Natasha
  1432 | D:2      | Killed Natasha
  1433 | D:2      | Reached XP level 5. HP: 20/32 MP: 5/5
  1539 | D:2      | Noticed Natasha
  1540 | D:2      | 1540 ||| Stepping ~*~*~tactically~*~*~ (stealth).
  1542 | D:2      | 1542 ||| Stepping ~*~*~tactically~*~*~ (hiding).
  1545 | D:2      | Killed Natasha
  1845 | D:2      | 1845 ||| UPGRADING to +1 helmet.
  1850 | D:2      | 1850 ||| UPGRADING to +0 crystal plate armour.
  1860 | D:2      | 1860 ||| DROPPING +0 scale mail.
  1861 | D:2      | 1861 ||| UPGRADING to ring of positive energy.
  1862 | D:2      | 1862 ||| READING 2 scrolls labelled UCESOPEO JUBLO.
  1863 | D:2      | 1863 ||| READING 4 scrolls of identify.
  1863 | D:2      | 1863 ||| IDENTIFYING fuming brown potion
  1864 | D:2      | 1864 ||| READING 3 scrolls of identify.
  1864 | D:2      | 1864 ||| IDENTIFYING dark potion
  1865 | D:2      | 1865 ||| READING 2 scrolls of identify.
  1865 | D:2      | 1865 ||| IDENTIFYING fizzy blue potion
  1866 | D:2      | 1866 ||| DROPPING potion of brilliance.
  1867 | D:2      | 1867 ||| DROPPING potion of berserk rage.
  1868 | D:2      | 1868 ||| DROPPING scroll of blinking.
  1890 | D:3      | Found a sacrificial altar of Ru.
  1936 | D:3      | 1936 ||| Stepping ~*~*~tactically~*~*~ (stealth).
  1937 | D:3      | 1937 ||| Stepping ~*~*~tactically~*~*~ (stealth).
  2016 | D:3      | 2016 ||| Stepping ~*~*~tactically~*~*~ (hiding).
  2046 | D:3      | Found a faded altar of an unknown god.
  2196 | D:3      | Reached skill level 5 in Axes
  2201 | D:3      | 2201 ||| Stepping ~*~*~tactically~*~*~ (hiding).
  2209 | D:3      | Reached XP level 6. HP: 19/37 MP: 6/6
  2213 | D:3      | HP: 7/37 [gnoll bouda/+4 whip (5)]
  2213 | D:3      | HP: 1/37 [gnoll/+0 spear[a gnoll bouda] (6)]
  2218 | D:3      | Slain by a gnoll

Levels and vault maps discovered:
D:1:      dpeg_arrival_rooms_c, layout_loops_ring
D:2:      layout_basic, kennysheep_generic_room_6, uniq_robin, uniq_natasha
D:3:      layout_rooms, nicolae_ru_sacrificial_ziggurat, marbit_many_paths,
          shapermc_ecumenical_altar_hornbeckon

Skill      XL: |  1  2  3  4  5  6 |
---------------+-------------------+-----
Axes           | 2 3 4 5 |  5.0
Armour         | 4 |  4.1
Fighting       | 4 |  4.0
Shields        | |  3.2

Action                   |  1- 3 |  4- 6 || total
-------------------------+-------+-------++-------
Melee: War axe           |    95 |   103 ||   198
  Use: Scroll            |     4 |     4 ||     8
       Potion            |     1 |       ||     1
Armor: Scale mail        |    37 |    22 ||    59
       Crystal plate arm |       |    68 ||    68
Dodge: Dodged            |    46 |    27 ||    73
Block: Buckler           |     9 |    15 ||    24

Table legend:
 A = Non-vault XP
 B = Vault XP
 C = Vault XP percentage of total XP
 D = Non-vault monster count
 E = Vault monster count
 F = Vault count percentage of total count
                 A         B        C        D         E       F
            +---------+---------+-------+---------+---------+-------
      Total |     309 |      73 |  19.1 |      53 |      14 |  20.9
            +---------+---------+-------+---------+---------+-------
        D:1 |      25 |       0 |   0.0 |      15 |       0 |   0.0
        D:2 |     119 |      73 |  38.0 |      18 |      14 |  43.8
        D:3 |     165 |       0 |   0.0 |      20 |       0 |   0.0
            +---------+---------+-------+---------+---------+-------
